 Dungeon Crawl Stone Soup version 0.25.0-1-g7eea58d2a3 (webtiles) character file.

Game seed: 6594902363653697842

166 gruber the Twirler (level 5, -6/42 HPs)
             Began as a Minotaur Gladiator on June 14, 2020.
             Killed by divine providence
             ... invoked by an orc priest
              (14 damage)
             ... on level 6 of the Dungeon.
             The game lasted 00:01:42 (1604 turns).

gruber the Twirler (Minotaur Gladiator)             Turns: 1604, Time: 00:01:43

Health: -6/42      AC: 10    Str: 19    XL:     5   Next: 22%
Magic:  4/4        EV: 13    Int:  5    God:
Gold:   46         SH:  0    Dex: 12    Spells: 4/4 levels left

rFire    . . .     SeeInvis .   h - +1 mace (protect)
rCold    . . .     Gourm    .   (no shield)
rNeg     . . .     Faith    .   b - +0 leather armour
rPois    .         Spirit   .   c - +0 hat
rElec    .         Reflect  .   (no cloak)
rCorr    .         Harm     .   (no gloves)
MR       .....                  (no boots)
Stlth    +.........             (no amulet)
HPRegen  0.14/turn              (no ring)
MPRegen  0.09/turn              (no ring)

@: lethally poisoned (-6 -> -11), protection aura
A: retaliatory headbutt, horns 2
a: no special abilities


You were on level 6 of the Dungeon.
You were not hungry.

You visited 1 branch of the dungeon, and saw 4 of its levels.

You collected 46 gold pieces.

Inventory:

Hand Weapons
 a - a +0 quarterstaff
 h - a +1 mace of protection (weapon)
Missiles
 d - 3 throwing nets (quivered)
Armour
 b - a +0 leather armour (worn)
 c - a +0 hat (worn)
Scrolls
 e - a scroll of immolation {unknown}
 i - a scroll of identify {unknown}
 j - a scroll of enchant armour {unknown}
 k - a scroll of amnesia {unknown}
Comestibles
 f - 3 rations
 g - a chunk of flesh


   Skills:
 - Level 2.4 Fighting
 + Level 7.2 Staves
 - Level 2.0 Throwing
 - Level 3.2 Dodging


You had 4 spell levels left.
You didn't know any spells.
Your spell library was empty.

Dungeon Overview and Level Annotations

Branches:
Dungeon (3/15)

Altars:

Annotations:
D:2 Terence


Innate Abilities, Weirdness & Mutations

You reflexively headbutt those who attack you in melee.
You have a pair of horns on your head.


Message History

You hit the scorpion. You headbutt the scorpion.
You kill the scorpion!
Your Staves skill increases to level 7!
You have reached level 5!
You feel sick.
The orc priest mumbles some strange prayers to Beogh against you.
Pain shoots through your body!
* * * LOW HITPOINT WARNING * * *
The orc hits you.
* * * LOW HITPOINT WARNING * * *
Unknown command.
You completely miss the orc.
You feel sick.
The orc priest looks braver for a moment.
The orc closely misses you.
Unknown command.
You sock the orc!
You kill the orc!
The orc priest invokes the aid of Beogh against you.
Beogh smites you!
You die...

#.. #..# #..# #####
####..# ##...##..
###..#..# #@......#
....>...###)....###
...........o#####
........o####
........##
.........#
.........#
....o....#
.....)...#


You could see an orc priest.

Vanquished Creatures
  A scorpion (D:6)
  An orc wizard (D:6)
  A worker ant (D:6)
  A gnoll (D:1)
  2 oozes
  A worm (D:2)
  2 dart slugs (D:1)
  A leopard gecko (D:1)
  3 orcs (D:6)
  2 giant cockroaches (D:1)
  2 goblins (D:3)
  6 hobgoblins
  6 jackals (D:1)
  7 bats (D:1)
  A frilled lizard (D:1)
  A kobold (D:1)
  4 rats (D:1)
42 creatures vanquished.

Notes
Turn   | Place    | Note
-------+----------+-------------------------------------------
     0 | D:1      | gruber the Minotaur Gladiator began the quest for the Orb.
     0 | D:1      | Reached XP level 1. HP: 18/18 MP: 0/0
   179 | D:1      | Reached skill level 4 in Staves
   239 | D:1      | Reached XP level 2. HP: 25/25 MP: 1/1
   446 | D:1      | Reached skill level 5 in Staves
   478 | D:1      | Reached XP level 3. HP: 30/30 MP: 2/2
  1121 | D:2      | Noticed Terence
  1495 | D:3      | You fall into a shaft and drop 3 floors!
  1497 | D:6      | Reached skill level 6 in Staves
  1497 | D:6      | Reached XP level 4. HP: 37/37 MP: 3/3
  1602 | D:6      | Reached skill level 7 in Staves
  1602 | D:6      | Reached XP level 5. HP: 18/42 MP: 4/4
  1604 | D:6      | Killed from afar by an orc priest

Illustrated notes

Levels and vault maps discovered:
D:1:      dpeg_arrival_round_b, layout_basic, st_stairs_8
D:2:      layout_loops_ring, overflow_temple_1_default, lemuel_round_altar,
          minmay_pentomino_z4, uniq_terence
D:3:      layout_basic, uniq_natasha, uniq_robin
D:6:      layout_cave_pods, kennysheep_mini

Skill      XL: |  1  2  3  4 |
---------------+-------------+-----
Staves         | 4 5 6 7 |  7.2
Fighting       | |  2.4
Throwing       | |  2.0
Dodging        | |  3.2

Action                   |  1- 3 |  4- 6 || total
-------------------------+-------+-------++-------
Melee: Quarterstaff      |    10 |       ||    10
       Mace              |    54 |    25 ||    79
       Headbutt          |    15 |     5 ||    20
  Eat: Chunk             |     2 |       ||     2
Armor: Leather armour    |    17 |     3 ||    20
Dodge: Dodged            |    52 |    20 ||    72
